 Dungeon Crawl Stone Soup version 0.23.2-1-ga50397a (webtiles) character file.

Game seed: 12327093796145680538

145 MalarOregon the Ruffian (level 5, -9/45 HPs)
             Began as a Ghoul Gladiator on May 29, 2019.
             Mangled by an iguana (13 damage)
             ... on level 5 of the Dungeon.
             The game lasted 00:02:17 (2113 turns).

MalarOregon the Ruffian (Ghoul Gladiator)           Turns: 2113, Time: 00:02:18

Health: -9/45      AC:  5    Str: 19    XL:     5   Next: 27%
Magic:  4/4        EV: 12    Int:  3    God:
Gold:   161        SH:  0    Dex: 10    Spells: 4/4 levels left

rFire    . . .     SeeInvis .     - Unarmed
rCold    + . .     Gourm    .   (no shield)
rNeg     + + +     Faith    .   a - +0 leather armour
rPois    ∞         Spirit   .   b - +0 helmet
rElec    .         Reflect  .   (no cloak)
rCorr    .         Harm     .   (no gloves)
MR       +....                  i - +0 pair of boots
Stlth    +.........             (no amulet)
HPRegen  0.00/turn              l - ring of protection from magic
MPRegen  0.09/turn              (no ring)

@: rotting, drained
A: rotting body, claws 1, carnivore, cold resistance 1, negative energy
resistance 3, inhibited regeneration, torment resistance, unbreathing
a: no special abilities


You were on level 5 of the Dungeon.
You were not hungry.

You visited 1 branch of the dungeon, and saw 4 of its levels.

You collected 161 gold pieces.

Inventory:

Missiles
 c - 3 throwing nets (quivered) {!f}
Armour
 a - a +0 leather armour (worn)
 b - a +0 helmet (worn)
 i - a +0 pair of boots (worn)
   (You found it on level 2 of the Dungeon)
Jewellery
 l - a ring of protection from magic (left claw)
   (You found it on level 2 of the Dungeon)
Scrolls
 f - 3 scrolls of identify {unknown}
 h - a scroll of noise {unknown}
 j - a scroll of magic mapping {unknown}
 m - a scroll of teleportation {unknown}
 n - a scroll of enchant armour {unknown}
 q - 3 scrolls of blinking {unknown}
Potions
 d - a potion of brilliance {unknown}
 g - 4 potions of might {unknown}
 k - a potion of heal wounds {unknown}
 p - 3 potions of agility {unknown}
 r - a potion of lignification {unknown}
Comestibles
 e - 6 rations {!d}


   Skills:
 + Level 3.4(2.8) Fighting
 + Level 2.8(2.2) Throwing
 + Level 3.4(2.8) Dodging
 + Level 4.2(3.6) Unarmed Combat


You had 4 spell levels left.
You didn't know any spells.
Your spell library was empty.

Dungeon Overview and Level Annotations

Branches:
Dungeon (5/15)
 Temple: D:4-7

Altars:


Innate Abilities, Weirdness & Mutations

Your body is rotting away.
You thrive on raw meat.
You are immune to poison.
You have sharp fingernails.
You are carnivorous and can eat meat at any time.
Your flesh is cold resistant. (rC+)
You are immune to negative energy. (rN+++)
You do not regenerate when monsters are visible.
You are immune to unholy pain and torment.
You can survive without breathing.


Message History

You barely miss the howler monkey. The howler monkey barely misses you.
The howler monkey hits you.
* * * LOW HITPOINT WARNING * * *
You scratch the howler monkey.
The howler monkey hoots and howls with incredible vigour!
You hear an angry hiss.
You scratch the howler monkey but do no damage.
The howler monkey barely misses you.
You closely miss the howler monkey. The howler monkey barely misses you.
You closely miss the howler monkey. The howler monkey hits you.
* * * LOW HITPOINT WARNING * * *
You closely miss the howler monkey. The howler monkey hits you.
* * * LOW HITPOINT WARNING * * *
Okay, then.
You barely miss the howler monkey.
The howler monkey completely misses you.
You claw the howler monkey!
The howler monkey hoots and howls with incredible vigour!
You barely miss the howler monkey. The howler monkey closely misses you.
The howler monkey barely misses you.
You scratch the howler monkey but do no damage.
The howler monkey completely misses you.
Unknown command.
You claw the howler monkey!
You kill the howler monkey!
You have reached level 5!
You feel stronger.
You claw the worker ant zombie!
The worker ant zombie barely misses you.
You scratch the worker ant zombie but do no damage.
The worker ant zombie closely misses you.
You scratch the worker ant zombie. The worker ant zombie bites you.
* * * LOW HITPOINT WARNING * * *
The iguana hisses menacingly.
You barely miss the worker ant zombie. The worker ant zombie misses you.
You barely miss the worker ant zombie.
The worker ant zombie barely misses you.
You claw the worker ant zombie!
The worker ant zombie bites you but does no damage.
You scratch the worker ant zombie.
The worker ant zombie barely misses you.
You claw the worker ant zombie!
You destroy the worker ant zombie!
You claw the howler monkey zombie! The howler monkey zombie hits you.
* * * LOW HITPOINT WARNING * * *
You claw the howler monkey zombie! You claw the howler monkey zombie!
You destroy the howler monkey zombie!
You barely miss the iguana. The iguana bites you!
You die...

###.# #...# #.
#...# #.## #...#
..... #[..# ....
#...####$#
...#........#
#+#.#.#.#.######
......l@#.#
..?...#.#.#
......#...#
....<.....#
?..######.# ..
..# . #%# ###


You could see an iguana.

Vanquished Creatures
  A howler monkey (D:5)
  A worker ant zombie (D:5)
  A howler monkey zombie (D:5)
  5 adders
  An ooze (D:2)
  2 worms (D:3)
  A leopard gecko (D:1)
  A giant cockroach (D:3)
  3 goblins
  6 hobgoblins
  3 jackals (D:3)
  3 kobolds
  3 bats (D:2)
  A frilled lizard (D:2)
  3 rats
35 creatures vanquished.

Notes
Turn   | Place    | Note
-------+----------+-------------------------------------------
     0 | D:1      | MalarOregon the Ghoul Gladiator began the quest for the
                  | Orb.
     0 | D:1      | Reached XP level 1. HP: 17/17 MP: 0/0
   160 | D:1      | Reached XP level 2. HP: 25/25 MP: 1/1
  1110 | D:2      | Reached XP level 3. HP: 30/30 MP: 2/2
  1833 | D:3      | Reached XP level 4. HP: 25/38 MP: 3/3
  1983 | D:3      | Reached skill level 4 in Unarmed Combat
  2066 | D:3      | You fall through a shaft for 2 floors!
  2066 | D:5      | Entered Level 5 of the Dungeon
  2101 | D:5      | Reached XP level 5. HP: 13/45 MP: 4/4
  2113 | D:5      | Mangled by an iguana

Skill      XL: |  1  2  3  4 |
---------------+-------------+-----
Throwing       | 2 |  2.8
Dodging        | 3 |  3.4
Fighting       | 3 |  3.4
Unarmed Combat | 4 |  4.2

Action                   |  1- 3 |  4- 6 || total
-------------------------+-------+-------++-------
Melee: Unarmed           |   114 |    59 ||   173
       Punch             |     1 |       ||     1
  Eat: Chunk             |     6 |       ||     6
Armor: Leather armour    |    30 |    13 ||    43
Dodge: Dodged            |    77 |    38 ||   115
